 Dungeon Crawl Stone Soup version 0.25-a0-663-gace7076f2c (webtiles) character file.

Game seed: 2699571663965582560, levelgen mode: deterministic

9 Kahsius the Chopper (level 2, -2/27 HPs)
             Began as a Minotaur Berserker on Feb 18, 2020.
             Was a Follower of Trog.
             Killed from afar by a dart slug (4 damage)
             ... with a slug dart
             ... on level 1 of the Dungeon on Mar 26, 2020.
             The game lasted 00:04:01 (460 turns).

Kahsius the Chopper (Minotaur Berserker)             Turns: 460, Time: 00:04:01

Health: -2/27      AC:  2    Str: 21    XL:     2   Next: 6%
Magic:  1/1        EV: 12    Int:  4    God:    Trog [*.....]
Gold:   0          SH:  0    Dex:  9    Spells: 1/1 levels left

rFire    . . .     SeeInvis .   a - +0 hand axe
rCold    . . .     Gourm    .   (no shield)
rNeg     . . .     Faith    .   b - +0 animal skin
rPois    .         Spirit   .   (helmet restricted)
rElec    .         Reflect  .   (no cloak)
rCorr    .         Harm     .   (no gloves)
MR       .....                  (no boots)
Stlth    +.........             (no amulet)
HPRegen  0.09/turn              (no ring)
MPRegen  0.07/turn              (no ring)

@: no status effects
A: retaliatory headbutt, horns 2
a: Berserk, Renounce Religion


You were on level 1 of the Dungeon.
You worshipped Trog.
Trog was aware of your devotion.
You were not hungry.

You visited 1 branch of the dungeon, and saw 1 of its levels.

Inventory:

Hand Weapons
 a - a +0 hand axe (weapon)
Armour
 b - a +0 animal skin (worn)
Scrolls
 e - a scroll of fear {unknown}
Potions
 d - a potion of flight {unknown}
 f - a potion of berserk rage {unknown}
Comestibles
 c - 2 rations


   Skills:
 * Level 3.9 Fighting
 * Level 4.0 Axes
 - Level 2.4 Armour
 + Level 2.3 Dodging


You had one spell level left.
You didn't know any spells.
Your spell library was empty.

Dungeon Overview and Level Annotations

Branches:
Dungeon (1/15)

Altars:


Innate Abilities, Weirdness & Mutations

You reflexively headbutt those who attack you in melee.
You have a pair of horns on your head.


Message History

The dart slug closely misses you.
The dart slug bites you but does no damage.
The dart slug completely misses you. The dart slug launches a dart at you.
The slug dart hits you. The dart slug bites you.
* * * LOW HITPOINT WARNING * * *
The dart slug bites you.
* * * LOW HITPOINT WARNING * * *
The dart slug bites you but does no damage.
The dart slug closely misses you. You furiously retaliate!
You headbutt the dart slug, but do no damage.
The dart slug launches a dart at you. The slug dart hits you.
* * * LOW HITPOINT WARNING * * *
The dart slug bites you.
* * * LOW HITPOINT WARNING * * *
The dart slug launches a dart at you. The slug dart hits you.
You die...

#.....# #....
####### #.### #..#
##.## #..# ##.#
##################..
#...................
#..@#######.......#.
#..w# #..P.P....
#...# #.P#≈#P..#
.....# #.##≈##..#
.....## #.≈≈≈≈≈..#
....... #.##≈##..#
....... #.P#≈#P.##
....... #..P.P..##
#........#


You could see a dart slug.

Vanquished Creatures
  2 goblins (D:1)
  4 hobgoblins (D:1)
  A kobold (D:1)
  A rat (D:1)
8 creatures vanquished.

Notes
Turn   | Place    | Note
-------+----------+-------------------------------------------
     0 | D:1      | Kahsius the Minotaur Berserker began the quest for the Orb.
     0 | D:1      | Reached XP level 1. HP: 19/19 MP: 0/0
    95 | D:1      | Upgraded the game from 0.25-a0-523-g9afb2ee040 to
                  | 0.25-a0-663-gace7076f2c
   102 | D:1      | Reached XP level 2. HP: 27/27 MP: 1/1
   425 | D:1      | Reached skill level 4 in Axes
   460 | D:1      | Killed from afar by a dart slug

Levels and vault maps discovered:
D:1:      eino_arrival_water_cross, layout_basic

Skill      XL: |  1  2 |
---------------+-------+-----
Axes           | 4 |  4.0
Fighting       | |  3.9
Armour         | |  2.4
Dodging        | |  2.3

Action                   || total
-------------------------++-------
Melee: Hand axe          ||     8
       Headbutt          ||     1
 Stab: Sleeping          ||     1
Armor: Animal skin       ||     3
Dodge: Dodged            ||    14

Table legend:
 A = Non-vault XP
 B = Vault XP
 C = Vault XP percentage of total XP
 D = Non-vault monster count
 E = Vault monster count
 F = Vault count percentage of total count
                 A         B        C        D         E       F
            +---------+---------+-------+---------+---------+-------
      Total |      14 |       0 |   0.0 |       8 |       0 |   0.0
            +---------+---------+-------+---------+---------+-------
        D:1 |      14 |       0 |   0.0 |       8 |       0 |   0.0
            +---------+---------+-------+---------+---------+-------
